 Dungeon Crawl Stone Soup version 0.31-a0-700-gf13585253f (webtiles) character file.

Game seed: 4190253084514282120

80 lunkers the Insei (level 4, -3/35 HPs)
             Began as a Meteoran Shapeshifter on Sept 7, 2023.
             Slain by a gnoll
             ... wielding a +0 spear
              (8 damage)
             ... on level 2 of the Dungeon.
             The game lasted 00:01:46 (890 turns).

lunkers the Insei (Meteoran Shapeshifter)            Turns: 890, Time: 00:01:46

Health: -3/35      AC:  6    Str: 15    XL:     4   Next: 98%
Magic:  5/5        EV: 10    Int: 12    God:
Gold:   90         SH:  0    Dex: 15    Spells: 3/3 levels left

rFire   . .          .
                       - Unarmed
rCold   . . .        (no shield)
rNeg    . . .        h - +0 scale mail
rPois   .            (helmet currently unavailable)
rElec   .            (cloak currently unavailable)
rCorr   .            (gloves currently unavailable)
SInv    +            (boots currently unavailable)
Will    .....        (no amulet) Stlth
                     g - ring of see invisible
HPRegen 0.25/turn    (no ring)
MPRegen 0.09/turn

%: no passive effects
@: beast-form, glowing
A: beast (slay +2), sense surroundings 1, otherworldly, glowing, explore regen
a: Begin Untransformation


You were on level 2 of the Dungeon.
You were a hulking beast.
You visited 1 branch of the dungeon, and saw 2 of its levels.

You collected 90 gold pieces.

Inventory:

Armour
 a - a +0 animal skin
 h - a +0 scale mail (worn)
Jewellery
 g - a ring of see invisible (left hand)
Talismans
 c - a beast talisman (active)
 d - a flux talisman
Scrolls
 e - 4 scrolls of identify {unknown}
 i - a scroll of teleportation {unknown}
Potions
 b - a potion of lignification
 f - a potion of enlightenment {unknown}


   Skills:
 - Level 1.1 Fighting
 - Level 2.1 Dodging
 * Level 5.4 Unarmed Combat
 + Level 4.4 Shapeshifting


You had 3 spell levels left.
You didn't know any spells.
Your spell library contained the following spells:

 Spells                   Type           Power      Damage    Failure   Level
 Call Canine Familiar     Summ           0%         N/A       99%         3
 Sigil of Binding         Hex            0%         N/A       99%         3
 Dimensional Bullseye     Hex/Tloc       0%         N/A       100%        4
 Leda's Liquefaction      Hex/Erth       0%         N/A       100%        4


Dungeon Overview and Level Annotations

Branches:
Dungeon (2/15) Zot: 320

Altars:

Shops:
D:2 ([[?


Innate Abilities, Weirdness & Mutations

You are a hulking beast.
Your limbs bulge with bestial killing power. (Slay +2)
You passively map a small area around you.
You are easily found by Zot.
You glow in the dark.
You regain HP and MP as you explore.


Message History

The bat closely misses you. The frilled lizard closely misses you.
The gnoll hits you from afar with a +0 spear.
Unknown command.
You hit the gnoll.
The gnoll is moderately wounded.
The bat closely misses you. The frilled lizard closely misses you.
The gnoll hits you from afar with a +0 spear.
The gnoll hits you with a +0 flail.
* * * LOW HITPOINT WARNING * * *
You barely miss the gnoll.
The gnoll is moderately wounded.
The bat hits you but does no damage. The bat barely misses you.
The frilled lizard barely misses you.
The gnoll hits you but does no damage. x2
Unknown command.
You punch the gnoll!
You kill the gnoll!
The bat completely misses you.
The gnoll hits you from afar with a +0 spear.
* * * LOW HITPOINT WARNING * * *
The frilled lizard bites you but does no damage.
You hit the frilled lizard.
You kill the frilled lizard!
The bat hits you but does no damage.
The gnoll hits you from afar with a +0 spear.
* * * LOW HITPOINT WARNING * * *
Unknown command.
The bat barely misses you. The gnoll attacks as it pursues you!
The gnoll hits you but does no damage.
Unknown command.
You hit the bat.
You kill the bat!
The gnoll hits you from afar with a +0 spear.
* * * LOW HITPOINT WARNING * * *
The gnoll hits you but does no damage.
You barely miss the gnoll. The gnoll hits you with a +0 spear.
* * * LOW HITPOINT WARNING * * *
You hit the gnoll.
The gnoll is lightly wounded.
The gnoll hits you with a +0 spear!
You die...

############ #####
#......<...# #...#
#..........# #...#
#..........# #...#
#..gh......# #...#
#..))......####...###
,..............#.........
............†...##...###
..∩........†....##...# #
.............∩..##...# #
....########....#....###
,.... #.##..∩...... * *
#.###########


You could see a gnoll.

Vanquished Creatures
  2 gnolls (D:2)
  A worm (D:2)
  4 dart slugs
  6 ball pythons
  9 bats
  3 endoplasms
  A giant cockroach (D:1)
  5 goblins (D:1)
  A hobgoblin (D:1)
  5 jackals (D:1)
  2 quokkas
  A frilled lizard (D:2)
  2 kobolds (D:1)
  5 rats
47 creatures vanquished.

Notes
Turn   | Place    | Note
-------+----------+-------------------------------------------
     0 | D:1      | lunkers the Meteoran Shapeshifter began the quest for the
                  | Orb.
     0 | D:1      | Reached XP level 1. HP: 16/16 MP: 2/2
    84 | D:1      | Reached XP level 2. HP: 8/23 MP: 3/3
   135 | D:1      | Reached skill level 4 in Unarmed Combat
   195 | D:1      | Reached XP level 3. HP: 24/28 MP: 4/4
   297 | D:1      | Found a faded altar of an unknown god.
   506 | D:1      | Glimpsed the power of Zot.
   575 | D:2      | Reached XP level 4. HP: 35/35 MP: 5/5
   614 | D:2      | Found Milyif's Magic Scroll Boutique.
   746 | D:2      | Reached skill level 5 in Unarmed Combat
   829 | D:2      | Found Votolosy's Antique Armour Boutique.
   834 | D:2      | Found Soacyf's Antique Armour Shop.
   872 | D:2      | Found Pemninem's Antique Weapon Boutique.
   890 | D:2      | Slain by a gnoll

Illustrated notes

Levels and vault maps discovered:
D:1:      roderic_crop_circles_arrival_small, layout_basic,
          ebering_ecumenical_altar_box
D:2:      minmay_razor_zed, layout_rooms, serial_shops, shop,
          nicolae_shop_statue_plus, shop, shop

Skill      XL: |  1  2  3  4 |
---------------+-------------+-----
Unarmed Combat | 4 5 |  5.4
Shapeshifting  | 4 |  4.4
Fighting       | |  1.1
Dodging        | |  2.1

Action                     |  1- 3 |  4- 6 || total
---------------------------+-------+-------++-------
  Melee: Unarmed           |    90 |    44 ||   134
         Punch             |     2 |       ||     2
    Use: Scroll            |     2 |       ||     2
 Armour: Animal skin       |    53 |     4 ||    57
         Scale mail        |       |    32 ||    32
  Dodge: Dodged            |    52 |    26 ||    78

Table legend: (Time is in decaauts)
 A = Elapsed time spent in this place.
 B = Non-inter-level travel time spent in this place.
 C = Inter-level travel time spent in this place.
 D = Time resting spent in this place.
 E = Time spent auto-exploring this place.
 F = Levels seen in this place.
 G = Mean time per level.
                   A        B        C        D        E       F      G
               +--------+--------+--------+--------+--------+-----+--------+
         Total |    878 |    870 |      8 |      0 |    598 |   2 |  439.0 |
       Dungeon |    878 |    870 |      8 |      0 |    598 |   2 |  439.0 |
               +--------+--------+--------+--------+--------+-----+--------+

Top non-repeatable levels by time:
     D:1: 508 daAuts
     D:2: 369 daAuts
